 Dungeon Crawl Stone Soup version 0.31-a0-237-g2d982f9f85 (webtiles) character file.

Game seed: 14598372342159538286

59 qw the Shooter (level 3, -1/29 HPs)
             Began as a Minotaur Hexslinger on July 10, 2023.
             Succumbed to an adder's poison
             ... on level 2 of the Dungeon.
             The game lasted 00:00:30 (1336 turns).

qw the Shooter (Minotaur Hexslinger)                Turns: 1336, Time: 00:00:31

Health: -1/29      AC:  2    Str: 12    XL:     3   Next: 78%
Magic:  3/3        EV: 12    Int: 10    God:
Gold:   36         SH:  0    Dex: 14    Spells: 3/4 levels left

rFire   . . .        Y - +1 sling
rCold   . . .        (no shield)
rNeg    . . .        c - +0 robe
rPois   .            (helmet restricted)
rElec   .            (no cloak)
rCorr   .            (no gloves)
SInv    .            (no boots)
Will    .....        (no amulet)
Stlth   +            (no ring)
HPRegen 0.24/turn    (no ring)
MPRegen 0.08/turn

%: no passive effects
@: lethally poisoned (-1 -> -4)
A: horns 2, retaliatory headbutt
a: no special abilities


You were on level 2 of the Dungeon.
You visited 1 branch of the dungeon, and saw 2 of its levels.

You collected 36 gold pieces.


Innate Abilities, Weirdness & Mutations

You have a pair of horns on your head.
You reflexively headbutt those who attack you in melee.


   Skills:
 - Level 2.0 Fighting
 + Level 4.3 Ranged Weapons
 - Level 2.1 Dodging
 - Level 1.0 Spellcasting
 - Level 2.0 Hexes


You had 3 spell levels left.
You knew the following spells:

 Your Spells              Type           Power      Damage    Failure   Level
a - Slow                  Hex            16%        N/A       16%         1

Your spell library contained the following spells:

 Spells                   Type           Power      Damage    Failure   Level
 Inner Flame              Hex/Fire       2%         N/A       56%         3
 Portal Projectile        Hex/Tloc       4%         N/A       56%         3
 Cause Fear               Hex            2%         N/A       83%         4

Inventory:

Hand Weapons
 Y - a +1 sling (weapon)
Armour
 c - a +0 robe (worn)
Scrolls
 d - 2 scrolls of identify {unknown}
Potions
 b - a potion of curing {unknown}

Dungeon Overview and Level Annotations

Branches:
Dungeon (2/15)

Altars:
Cheibriados


Message History

The sling bullet hits the adder but does no damage.
The adder is severely wounded.
You feel sick. The adder completely misses you.
You shoot a sling bullet.
The sling bullet barely misses the adder.
You feel sick.
You are no longer poisoned.
The adder closely misses you. The adder bites you.
You shoot a sling bullet.
The sling bullet closely misses the adder.
The adder closely misses you.
You shoot a sling bullet. The sling bullet misses the adder.
The adder barely misses you. The adder bites you.
You are poisoned.
The adder poisons you!
You shoot a sling bullet.
The sling bullet barely misses the adder.
You feel sick. The adder closely misses you.
You shoot a sling bullet. The sling bullet misses the adder.
You feel sick. The adder barely misses you. You furiously retaliate!
You headbutt the adder, but do no damage.
The adder bites you.
You are lethally poisoned!
The adder poisons you!
1333 ||| READING scroll of teleportation.
As you read the scroll of teleportation, it crumbles to dust.
You feel strangely unstable.
You feel sick. The adder bites you.
You shoot a sling bullet.
The sling bullet barely misses the adder.
You feel sick. The adder misses you. The adder bites you.
You shoot a sling bullet.
The sling bullet closely misses the adder.
You feel sick. The adder bites you.
You shoot a sling bullet.
The sling bullet completely misses the adder.
Your surroundings suddenly seem different.
Found a snail-covered altar of Cheibriados.
Found a stone staircase leading up.
You die...

#. #### #.
.... #..##
#... #..#
#..# ####.<#
#...@.#
#.##........
#..######
.... ...##
._..# ....#
.....#


There were no monsters in sight!

Vanquished Creatures
  An adder (D:2)
  3 dart slugs
  2 ball pythons
  4 bats
  3 endoplasms (D:1)
  2 giant cockroaches (D:1)
  5 goblins
  5 hobgoblins
  6 kobolds
  A quokka (D:1)
  4 frilled lizards
  3 rats (D:1)
39 creatures vanquished.

Notes
Turn   | Place    | Note
-------+----------+-------------------------------------------
     0 | D:1      | qw the Minotaur Hexslinger began the quest for the Orb.
     0 | D:1      | Reached XP level 1. HP: 16/16 MP: 1/1
     0 | D:1      | 0 ||| qw: Version: 0.3-a-52-g30416fa
     0 | D:1      | 0 ||| qw: Game counter: 5161
     0 | D:1      | 0 ||| qw: Melee chars always use a shield: true
     0 | D:1      | 0 ||| qw: God list: Okawaru
     0 | D:1      | 0 ||| qw: Allow faded altars: false
     0 | D:1      | 0 ||| qw: Do Orc after clearing Dungeon:15 true
     0 | D:1      | 0 ||| qw: Do second Lair branch before Depths: true
     0 | D:1      | 0 ||| qw: Lair rune preference: random
     0 | D:1      | 0 ||| qw: Goals: Normal
     0 | D:1      | 0 ||| PLANNING D:1-11
   126 | D:1      | Reached skill level 3 in Ranged Weapons
   126 | D:1      | Reached XP level 2. HP: 23/23 MP: 2/2
   166 | D:1      | HP: 2/23 [kobold/+3 whip (6)]
   434 | D:1      | Reached XP level 3. HP: 29/29 MP: 3/3
   828 | D:1      | 828 ||| READING 2 scrolls labelled VANENI QEAF MIC.
   833 | D:1      | 833 ||| READING scroll labelled MAUHIDYGEXT.
   834 | D:1      | 834 ||| READING scroll labelled XISUCKIMEF.
   835 | D:1      | 835 ||| READING scroll labelled IZXUCZ VUUMELA.
   836 | D:1      | 836 ||| DROPPING scroll of poison.
   910 | D:2      | Reached skill level 4 in Ranged Weapons
   913 | D:2      | HP: 7/29 [poisoned by an adder]
  1046 | D:2      | 1046 ||| Stepping ~*~*~tactically~*~*~ (outnumbered).
  1332 | D:2      | HP: 7/29 [adder (1)]
  1333 | D:2      | 1333 ||| READING scroll of teleportation.
  1334 | D:2      | HP: 3/29 [poisoned by an adder]
  1335 | D:2      | HP: 1/29 [adder (1)]
  1336 | D:2      | Found a snail-covered altar of Cheibriados.
  1336 | D:2      | Succumbed to an adder's poison

Levels and vault maps discovered:
D:1:      eino_arrival_water_star, layout_basic, minmay_pentomino_v2
D:2:      layout_loops_ring, basic_altar, chequers_serial_rivers_small_b,
          roderic_nine_men_s_morris, uniq_crazy_yiuf_cottage

Skill      XL: |  1  2  3 |
---------------+----------+-----
Ranged Weapons | 3 4 |  4.3
Fighting       | 2 |  2.0
Dodging        | |  2.1
Spellcasting   | |  1.0
Hexes          | |  2.0

Action                     || total
---------------------------++-------
   Fire: Sling             ||   129
    Use: Scroll            ||     5
 Armour: Robe              ||     3
  Dodge: Dodged            ||    39

Table legend:
 A = Non-vault XP
 B = Vault XP
 C = Vault XP percentage of total XP
 D = Non-vault monster count
 E = Vault monster count
 F = Vault count percentage of total count
                 A         B        C        D         E       F
            +---------+---------+-------+---------+---------+-------
      Total |      81 |       4 |   4.7 |      37 |       2 |   5.1
            +---------+---------+-------+---------+---------+-------
        D:1 |      46 |       4 |   8.0 |      26 |       2 |   7.1
        D:2 |      35 |       0 |   0.0 |      11 |       0 |   0.0
            +---------+---------+-------+---------+---------+-------
